 Dungeon Crawl Stone Soup version 0.19.5 (webtiles) character file.

32 miragecloak the Changer (level 3, 3/23 HPs)
             Began as an Octopode Transmuter on May 15, 2017.
             Quit the game on level 2 of the Dungeon.
             The game lasted 00:00:38 (708 turns).

miragecloak the Changer (Octopode Transmuter)        Turns: 708, Time: 00:00:38

Health: 3/23       AC:  1    Str:  9    XL:     3   Next: 27%
Magic:  6/6        EV: 19    Int: 15    God:
Gold:   19         SH:  0    Dex: 18    Spells: 1 memorised, 5 levels left

rFire  . . .     SeeInvis .       - Unarmed
rCold  . . .     Gourm    .     (no shield)
rNeg   . . .     Faith    .     (helmet restricted)
rPois  .         Spirit   .     (no amulet)
rElec  .         Reflect  .     (no ring)
rCorr  .         Harm     .     (no ring)
MR     .....                    (no ring)
Stlth  ++++......               (no ring)
                                (no ring)
                                (no ring)
                                (no ring)
                                (no ring)

@: agile, lethally poisoned (3 -> -1), appendage (expiring), very slightly
contaminated, invisible
A: almost no armour, stealthy swim, amphibious, 8 rings, constrict 8, tentacle
spike 3, camouflage 1, gelatinous body 1
a: End Transformation


You were on level 2 of the Dungeon.
You were not hungry.
One of your tentacles had a temporary spike.
You visited 1 branch of the dungeon, and saw 2 of its levels.

You collected 19 gold pieces.

Inventory:

Missiles
 a - 31 arrows
Scrolls
 e - a scroll of remove curse {unknown}
 g - 4 scrolls of magic mapping {unknown}
 h - a scroll of immolation {unknown}
Books
 b - a book of Changes

   Spells                             Type                      Level
   a - Beastly Appendage              Transmutation                1
   b - Sticks to Snakes               Transmutation                2
   c - Spider Form                    Transmutation/Poison         3
   d - Ice Form                       Ice/Transmutation            4
   e - Blade Hands                    Transmutation                5
Comestibles
 c - 2 bread rations
 d - a beef jerky
 l - a meat ration


   Skills:
 - Level 1.0 Fighting
 - Level 2.0 Dodging
 - Level 3.0 Unarmed Combat
 - Level 2.0 Spellcasting
 + Level 3.6 Transmutations


You had 5 spell levels left.
You knew the following spells:

 Your Spells              Type           Power        Failure   Level  Hunger
a - Beastly Appendage     Tmut           ##....       6%          1    #......


Dungeon Overview and Level Annotations

Branches:
Dungeon (2/15)

Altars:
Kikubaaqudgha


Innate Abilities, Weirdness & Mutations

You cannot wear most types of armour.
You are very stealthy in the water. (Stealth+)
You are amphibious.
You can wear up to eight rings at the same time.
You can use your tentacles to constrict eight enemies at once.
Your skin changes colour to match your surroundings (Stealth+).
Your rubbery body absorbs attacks. (AC +1, EV +1)
One of your tentacles bears a large vicious spike.


Message History

You constrict the adder.
* * * LOW HITPOINT WARNING * * *
You feel sick. The adder misses you. The adder barely misses you.
You tentacle-slap the adder.
You kill the adder!
You have reached level 3!
Your experience leads to an increase in your attributes!
Increase (S)trength, (I)ntelligence, or (D)exterity?
You feel agile.
It was a potion of agility.
You feel agile all of a sudden.
Your transformation is almost over.
* * * LOW HITPOINT WARNING * * *
You feel sick.
It was a potion of magic.
Magic courses through your body.
It was a potion of invisibility.
You fade into invisibility!
* * * LOW HITPOINT WARNING * * *
You feel sick.
You are very lightly contaminated with residual magic.
Are you sure you want to abandon this character and quit the game? (Confirm with "yes".)

.........# #.###########.###.
#........# #.#........######.
#.....>.)# #.#........'......
#........#####.#........#######
#.......................#
###.........########......#
.............##....#......#
.........#.⌠....≈_.#......#
.........#.....≈@..#........
............≈≈.≈...#.........
....##.##...≈≈≈≈..##.####....#
... ##.###..≈≈≈≈..##. ....# ##
#.......≈≈≈≈≈..#
#######.≈≈.≈.⌠...# #........###
#.#.##.### #.#..#.#


There were no monsters in sight!

Vanquished Creatures
  2 adders (D:2)
  A dart slug (D:1)
  A ball python (D:1)
  A goblin (D:1)
  2 jackals (D:1)
  5 kobolds (D:1)
  A rat (D:1)
13 creatures vanquished.

Notes
Turn   | Place    | Note
-------+----------+-------------------------------------------
     0 | D:1      | miragecloak the Octopode Transmuter began the quest for the Orb.
     0 | D:1      | Reached XP level 1. HP: 13/13 MP: 3/3
     4 | D:1      | Noticed an elephant
   109 | D:1      | Noticed an anaconda
   311 | D:1      | Reached XP level 2. HP: 14/18 MP: 1/5
   691 | D:2      | Found an ancient bone altar of Kikubaaqudgha.
   704 | D:2      | Reached XP level 3. HP: 4/23 MP: 4/6
   708 | D:2      | Quit the game

Skill      XL: |  1  2 |
---------------+-------+-----
Transmutations | 3 |  3.6
Fighting       | |  1.0
Dodging        | |  2.0
Unarmed Combat | |  3.0
Spellcasting   | |  2.0

Action                   || total
-------------------------++-------
Melee: Unarmed           ||    28
       Constrict         ||     8
       Tentacles         ||     3
       Kick              ||     4
 Cast: Beastly Appendage ||    11
  Use: Potion            ||     3
 Stab: Sleeping          ||     3
       Distracted        ||     1
Armor: Skin              ||     4
Dodge: Dodged            ||    15
